 Dungeon Crawl Stone Soup version 0.31-a0-675-g238779eb0a (webtiles) character file.

Game seed: 1178512237756505509

185700 freelancePsychic the Metamorph (level 17, -2/184 HPs)
             Began as a Demonspawn Monk on Sept 2, 2023.
             Was the Champion of Trog.
             Slain by a deep elf blademaster
             ... wielding a +0 quick blade
              (6 damage)
             ... on level 3 of the Elven Halls on Sept 5, 2023.
             The game lasted 00:55:53 (28909 turns).

freelancePsychic the Metamorph (Demonspawn Monk)   Turns: 28909, Time: 00:55:53

Health: -2/184     AC: 30    Str: 20      XL:     17   Next: 82%
Magic:  17/17      EV: 17    Int:  8 (11) God:    Trog [******]
Gold:   1940       SH: 20    Dex: 22      Spells: 16/16 levels left

rFire   + +          .
                       - Unarmed
rCold   + . .        b - +0 kite shield {AC+3}
rNeg    + . .        v - melded +3 ring mail {rPois}
rPois   ∞            (helmet unavailable)
rElec   +            N - scarf {rC+ rF+}
rCorr   .            (gloves currently unavailable)
SInv    +            (boots currently unavailable)
Will    +....        S - amulet of reflection
Stlth   ++           Y - +6 ring of strength
HPRegen 0.50/turn    H - ring of protection from fire
MPRegen 0.15/turn

%: reflection
@: statue-form, on berserk cooldown, attractive, slowed, studying Evocations,
very slow
A: slow and powerful, torment resistance 1, boosted hp, antennae 3, claws 2,
hooves 2, foul stench 3, augmentation 1, demonic magic 2
a: Begin Untransformation, Renounce Religion, Berserk, Trog's Hand, Brothers in
Arms


You were on level 3 of the Elven Halls.
You worshipped Trog.
Trog was exalted by your worship.
You were a living statue of rough stone.
You visited 5 branches of the dungeon, and saw 26 of its levels.
You visited the Abyss 1 time.
You also visited: Sewer and Volcano.

You collected 3531 gold pieces.
You spent 1591 gold pieces at shops.

Inventory:

Missiles
 y - 2 throwing nets
Armour
 b - a +0 kite shield of protection (worn)
 d - a +0 cloak of fire resistance
 v - a +3 ring mail of poison resistance (melded)
 N - a scarf of resistance (worn)
Jewellery
 k - a +4 ring of slaying
 p - the ring of the Tortoise {AC+8}
   (You took it off a deep elf master archer on level 3 of the Elven Halls)

   [ring of protection]

   AC+8:      It affects your AC (+8).
 H - a ring of protection from fire (right claw)
 S - an amulet of reflection (around neck)
 Y - a +6 ring of strength (left claw)
Talismans
 M - a granite talisman (active)
Wands
 a - a wand of flame (54)
 K - a wand of paralysis (21)
 Q - a wand of mindburst (25)
 V - a wand of acid (3)
Scrolls
 c - 6 scrolls of torment
 l - 3 scrolls of fear
 m - a scroll of revelation
 n - 6 scrolls of blinking
 o - 2 scrolls of noise
 x - a scroll of vulnerability
 B - a scroll of enchant armour
 D - 5 scrolls of enchant weapon
 E - 7 scrolls of fog
 L - 4 scrolls of identify {@r1}
 P - 2 scrolls of immolation
 T - 3 scrolls of teleportation {@r4}
 X - 3 scrolls of amnesia
 Z - 2 scrolls of poison
Potions
 e - 2 potions of attraction
 f - 3 potions of brilliance
 g - a potion of magic
 h - 2 potions of mutation
 i - 13 potions of curing {@q1}
 j - 6 potions of might
 q - 3 potions of haste {@q3}
 r - a potion of cancellation
 s - 6 potions of heal wounds {@q2}
 u - 2 potions of lignification
 w - a potion of berserk rage
 z - a potion of invisibility
 A - a potion of resistance
 J - 4 potions of enlightenment
Miscellaneous
 W - a phial of floods


   Skills:
 - Level 15.0 Fighting
 - Level 4.4 Long Blades
 - Level 8.2 Dodging
 * Level 14.7 Shields
 + Level 14.6 Unarmed Combat
 - Level 16.0 Shapeshifting


You had 16 spell levels left.
You didn't know any spells.
Your spell library was empty.

Dungeon Overview and Level Annotations

Branches:
Dungeon (15/15)            Temple (0/1) D:6            Lair (5/5) D:10
  Swamp (0/4) Lair:3        Snake (0/4) Lair:3        Slime (0/5) Lair:5
    Orc (2/2) D:12            Elf (3/3) Orc:2        Vaults (0/5) D:14
 Depths (1/4) D:15          Sewer (visited)         Volcano (visited)

Altars:
Ashenzari
Dithmenos
Gozag
Hepliaklqana
Kikubaaqudgha
Makhleb
Okawaru
Qazlal
Ru
Sif Muna
Trog
Uskayaw
Vehumet
Wu Jian
Xom
Yredelemnul
Jiyva

Shops:
D:2 (   D:5 =   D:10 [   D:14 *(   Orc:1 :**:   Orc:2 [*[([   Elf:2 *
Depths:1 (

Portals:
Hell: Depths:1
Abyss: Depths:1

Annotations:
D:8 3 runed translucent doors, THTSBRD's ghost, novice DrAE
D:9 1 runed translucent door, CowFu's ghost, novice GnSh
D:14 Roxanne
Elf:2 5 runed translucent doors


Innate Abilities, Weirdness & Mutations

You are a living statue of rough stone.
Your actions are slow, but your melee attacks are powerful.
You are resistant to unholy torment.
Your maximum health is greatly increased.
Your equipment is partially melded.
You are immune to poison.
You have a pair of large antennae on your head. (SInv)
You have very sharp fingernails.
You have hoof-like feet.
You frequently emit foul miasma when damaged in melee.
Your magical and physical power is slightly enhanced at high health.
Spells you cast may paralyse nearby enemies.


Message History

The deep elf blademaster looks even sicker.
The deep elf blademaster seems to slow down.
The deep elf blademaster closely misses you.
You block the deep elf blademaster's attack. x3
The deep elf blademaster misses you.
The deep elf blademaster barely misses you.
You block the deep elf blademaster's attack.
The deep elf blademaster hits you but does no damage.
The deep elf blademaster barely misses you.
The deep elf blademaster hits you with a +0 quick blade!
* * * LOW HITPOINT WARNING * * *
You block the deep elf blademaster's attack.
The deep elf blademaster hits you with a +0 quick blade!
* * * LOW HITPOINT WARNING * * *
You emit a cloud of foul miasma!
The deep elf blademaster is no longer moving slowly.
The deep elf blademaster is engulfed in dark miasma.
The deep elf blademaster looks even sicker.
The deep elf blademaster hits you with a +0 quick blade!
* * * LOW HITPOINT WARNING * * *
The deep elf blademaster hits you with a +0 quick blade!
* * * LOW HITPOINT WARNING * * *
You emit a cloud of foul miasma!
You block the deep elf blademaster's attack.
The deep elf blademaster hits you with a +0 quick blade!
* * * LOW HITPOINT WARNING * * *
You feel much better.
The deep elf blademaster is engulfed in dark miasma.
The deep elf blademaster looks as sick as possible!
You block the deep elf blademaster's attack.
The deep elf blademaster hits you with a +0 quick blade!
* * * LOW HITPOINT WARNING * * *
You block the deep elf blademaster's attack.
The deep elf blademaster hits you but does no damage.
The deep elf blademaster is engulfed in dark miasma.
The deep elf blademaster looks as sick as possible!
The deep elf blademaster hits you with a +0 quick blade!
* * * LOW HITPOINT WARNING * * *
The deep elf blademaster hits you with a +0 quick blade.
You die...

#.##.#.#.#......#
#.##.#
#.)).#.#.#####'##
#.##.# '####'.#.#
.# #.##.#
.......#.# #
#.##.# #######'.#
# #.##.#
.........#
#.####.##.#####
###......#
#.#...........#
....######
#....[.##......#
###.# ###8####
.###..# #e# .# #
#°# .# #○# .# {
#)# .# #)# +#
#..........
#...........
#............


You could see a deep elf blademaster (extremely poisoned).

Vanquished Creatures
  A profane servitor (Abyss:3)
  2 hellephants (Depths:1)
  Rupert (Lair:3)
  A deep elf master archer (Elf:3)
  A tentacled starspawn (Abyss:3)
  A fire giant (Depths:1)
  A balrug (Abyss:2)
  3 stone giants
  Azrael (Orc:2)
  7 very ugly things
  3 deep elf demonologists
  A deep elf annihilator (Elf:3)
  A starcursed mass (Abyss:3)
  Snorg (D:14)
  3 ettins
  A deep elf death mage (Elf:1)
  Josephine (D:14)
  3 fire dragons
  An ice dragon (Depths:1)
  10 hydras
  3 deep elf high priests
  3 vault guards (D:14)
  4 centaur warriors
  A two-headed ogre (shapeshifter) (Elf:2)
  7 two-headed ogres
  7 hell hogs (Depths:1)
  4 tengu warriors
  6 dancing weapons
  5 boulder beetles
  2 vampire magi (Depths:1)
  4 orc high priests
  Urug (D:13)
  5 deep elf knights
  4 death yaks (Lair:5)
  4 deep troll earth magi
  A sun demon (D:11)
  3 iron trolls
  8 deep trolls
  A wretched star (Abyss:3)
  A skyshark (Lair:5)
  A skeletal warrior (D:9)
  A death drake (shapeshifter) (Elf:2)
  A flayed ghost (D:8)
  9 deep elf archers
  3 wizards
  7 orc sorcerers
  17 deep elf pyromancers
  23 deep elf zephyrmancers
  13 ugly things
  2 necromancers (D:14)
  6 cyclopes
  4 orc knights (Orc:2)
  2 salamanders (Volcano)
  3 manticores
  2 worldbinders
  A naga zombie (Abyss:3)
  16 elephants
  3 black mambas
  A guardian serpent (Abyss:3)
  2 orange demons (D:11)
  2 smoke demons
  2 gargoyles (Volcano)
  8 cane toads
  5 molten gargoyles
  4 efreet
  2 unseen horrors
  2 rime drakes
  15 komodo dragons
  3 tengu conjurers
  2 red devils (D:11)
  4 hellwings
  4 trolls
  5 hornets (Lair:5)
  4 polar bears
  15 blink frogs
  A raiju (shapeshifter) (D:15)
  7 dream sheep (Lair:5)
  2 large abominations
  2 water elementals (Elf:1)
  7 wraiths
  Sigmund (D:2)
  2 air elementals
  15 spriggans (Lair:5)
  2 flying skulls (Abyss:3)
  2 ynoxinuls (D:11)
  5 wyverns
  29 yaks
  6 basilisks
  9 fire elementals
  3 fire bats (Abyss:3)
  19 humans (D:14)
  An unseen horror simulacrum (D:8)
  Grum (D:9)
  3 chaos spawn
  A neqoxec (D:11)
  2 wargs
  A steam dragon (D:7)
  15 vampire mosquitoes
  6 acid dragons
  16 water moccasins
  4 hell hounds (Orc:2)
  2 ice beasts
  15 orc warriors
  5 black bears
  4 ogres
  36 wolves
  3 boggarts (Lair:5)
  13 centaurs
  2 phantoms
  4 kobold brigands
  15 bullfrogs
  An earth elemental (Elf:3)
  2 gnoll sergeants
  5 scorpions
  A hornet simulacrum (D:15)
  4 wights (D:7)
  2 small abominations
  5 howler monkeys
  An electric eel (D:8)
  5 lava snakes (D:12)
  4 quasits
  A jelly (D:5)
  9 orc priests
  3 hounds
  4 sleepcaps
  2 iguanas
  18 orc wizards
  7 hell rats (Lair:4)
  A mummy (D:8)
  13 adders
  17 gnolls
  2 river rats (Sewer)
  A shadow imp (D:5)
  3 white imps
  3 ufetubi
  10 worms
  A dart slug (D:3)
  39 orcs
  10 endoplasms
  6 giant cockroaches
  2 goblins
  9 hobgoblins
  9 jackals
  3 quokkas
  13 ball pythons
  8 bats
  7 frilled lizards
  13 kobolds
  5 rats
  2 starspawn tentacles (Abyss:3)
824 creatures vanquished.

Vanquished Creatures (collateral kills)
  A blink frog (Lair:1)
  2 wraiths (D:8)
  A wyvern (Lair:1)
  2 mummies (D:8)
6 creatures vanquished.

Vanquished Creatures (others)
  Norris (Elf:2)
  A deep elf elementalist (Elf:2)
  3 skysharks (Elf:2)
  3 deep elf pyromancers
  2 deep elf zephyrmancers (Elf:1)
  An unseen horror (shapeshifter) (D:13)
  An air elemental (Elf:2)
  2 water elementals
  A water moccasin (D:7)
  2 orcs
  2 starspawn tentacles (Abyss:3)
19 creatures vanquished.

Grand Total: 849 creatures vanquished

Notes
Turn   | Place    | Note
-------+----------+-------------------------------------------
     0 | D:1      | freelancePsychic the Demonspawn Monk began the quest for
                  | the Orb.
     0 | D:1      | Reached XP level 1. HP: 18/18 MP: 1/1
   580 | D:2      | Noticed Sigmund
   580 | D:2      | Found Niel's Weapon Emporium.
   591 | D:2      | Discovered your monstrous ancestry.
   591 | D:2      | Gained mutation: You have large cloven feet. [demonic
                  | ancestry]
   591 | D:2      | Reached XP level 2. HP: 24/24 MP: 2/2
   617 | D:2      | Found a bloodstained altar of Trog.
   781 | D:2      | Gained mutation: You may rarely emit foul miasma when
                  | damaged in melee. [demonic ancestry]
   781 | D:2      | Reached XP level 3. HP: 29/29 MP: 3/3
   938 | D:2      | Became a worshipper of Trog the Wrathful
   938 | D:2      | Reached * piety under Trog
   938 | D:2      | Reached ** piety under Trog
  1213 | D:2      | Killed Sigmund
  1214 | D:2      | Gained mutation: You have sharp fingernails. [demonic
                  | ancestry]
  1214 | D:2      | Reached XP level 4. HP: 11/37 MP: 4/4
  1214 | D:2      | Gained mutation: You sometimes emit foul miasma when
                  | damaged in melee. [demonic ancestry]
  1214 | D:2      | Reached XP level 5. HP: 13/42 MP: 5/5
  1401 | D:2      | Upgraded the game from 0.31-a0-664-g902f515a81 to
                  | 0.31-a0-667-g39726597b9
  2112 | D:3      | Reached skill level 1 in Unarmed Combat
  2577 | D:4      | Reached *** piety under Trog
  2593 | D:4      | Gained mutation: You have a pair of small antennae on your
                  | head. [demonic ancestry]
  2593 | D:4      | Reached XP level 6. HP: 17/48 MP: 6/6
  2864 | D:4      | Noticed a water moccasin
  2871 | D:4      | Killed a water moccasin
  3304 | D:4      | Gained mutation: Spells you cast may paralyse adjacent
                  | enemies. [demonic ancestry]
  3304 | D:4      | Reached XP level 7. HP: 48/55 MP: 7/7
  3589 | D:5      | Entered Level 5 of the Dungeon
  3725 | D:5      | Reached skill level 5 in Fighting
  4200 | D:5      | Found Wamoge's Jewellery Emporium.
  4357 | D:5      | Reached skill level 5 in Dodging
  4562 | D:5      | Reached XP level 8. HP: 51/63 MP: 8/8
  4633 | D:5      | Identified the +2 hand axe of the Endless Prophets {freeze,
                  | Contam rPois Dex+5 SInv}
  5014 | D:6      | Reached skill level 1 in Shapeshifting
  5109 | D:6      | Found a shimmering blue altar of Sif Muna.
  5146 | D:6      | Reached skill level 2 in Shapeshifting
  5156 | D:6      | Found a glowing drain.
  5169 | D:6      | Reached **** piety under Trog
  5183 | Sewer    | Entered a sewer
  5483 | Sewer    | Reached skill level 3 in Shapeshifting
  6323 | D:6      | Reached skill level 4 in Shapeshifting
  6323 | D:6      | Gained mutation: Spells you cast may paralyse nearby
                  | enemies. [demonic ancestry]
  6323 | D:6      | Reached XP level 9. HP: 69/71 MP: 9/9
  6506 | D:6      | Found a staircase to the Ecumenical Temple.
  7300 | D:7      | Reached skill level 5 in Shapeshifting
  7382 | D:7      | Identified the +4 ring mail of Vampiric Thralls {rN+}
  7674 | D:7      | Identified the +7 dagger "Cogiklon" {heavy, rC+ Int+4}
  8255 | D:8      | Found a basalt altar of Yredelemnul.
  8257 | D:8      | Found an ancient bone altar of Kikubaaqudgha.
  8317 | D:8      | Noticed a flayed ghost
  8335 | D:8      | Found a transporter.
  8362 | D:8      | Noticed a polar bear
  8376 | D:7      | Reached skill level 6 in Shapeshifting
  8514 | D:8      | Found a runed translucent gate.
  8514 | D:8      | Found a runed translucent gate.
  8514 | D:8      | Found a runed translucent gate.
  8623 | D:8      | Noticed THTSBRD's ghost (novice DrAE)
  8748 | D:8      | Gained mutation: You have hoof-like feet. [demonic
                  | ancestry]
  8748 | D:8      | Reached XP level 10. HP: 42/80 MP: 10/10
  8951 | D:8      | Found a transporter.
  9100 | D:8      | Killed a flayed ghost
  9101 | D:8      | Reached skill level 7 in Shapeshifting
  9574 | D:9      | Reached skill level 8 in Shapeshifting
  9740 | D:9      | Noticed Grum
  9784 | D:9      | Killed Grum
  9947 | D:9      | Noticed a boulder beetle
  9979 | D:9      | Killed a boulder beetle
  9980 | D:9      | Reached skill level 9 in Shapeshifting
 10145 | D:9      | Found a runed translucent door.
 10145 | D:9      | Found a shimmering altar of Xom.
 10145 | D:9      | Noticed a +2 long sword of chaos
 10145 | D:9      | Noticed CowFu's ghost (novice GnSh)
 10310 | D:9      | Noticed a skeletal warrior
 10313 | D:9      | Noticed a two-headed ogre
 10323 | D:9      | Killed a two-headed ogre
 10324 | D:9      | Reached skill level 5 in Unarmed Combat
 10324 | D:9      | Gained mutation: You have a pair of antennae on your head.
                  | [demonic ancestry]
 10324 | D:9      | Reached XP level 11. HP: 39/89 MP: 11/11
 10622 | D:9      | Noticed a two-headed ogre
 10632 | D:9      | Killed a two-headed ogre
 11174 | D:9      | Killed a skeletal warrior
 11334 | D:9      | Noticed a two-headed ogre
 11343 | D:9      | Killed a two-headed ogre
 11357 | D:9      | Noticed a boulder beetle
 11425 | D:10     | Entered Level 10 of the Dungeon
 11681 | D:10     | Noticed a two-headed ogre
 11693 | D:10     | Killed a two-headed ogre
 11780 | D:10     | Found a stormy altar of Qazlal.
 11792 | D:10     | Found a radiant altar of Vehumet.
 11795 | D:10     | Found an iron altar of Okawaru.
 11796 | D:10     | Found a bloodstained altar of Trog.
 11797 | D:10     | Found an ornate altar of the Wu Jian Council.
 11797 | D:10     | Found a broken altar of Ashenzari.
 11798 | D:10     | Found a burning altar of Makhleb.
 11801 | D:10     | Found a sacrificial altar of Ru.
 11803 | D:10     | Found an opulent altar of Gozag.
 11853 | D:10     | Found Tumyathe's Armour Shoppe.
 11862 | D:10     | Reached skill level 10 in Fighting
 11862 | D:10     | Reached skill level 10 in Shapeshifting
 12061 | D:10     | Identified the +1 mace "Impbane" {vamp, rPois rC++ Str-4
                  | SInv}
 12414 | D:10     | Found a staircase to the Lair.
 12419 | Lair:1   | Entered Level 1 of the Lair of Beasts
 12984 | D:10     | Identified the +2 spear of Duty {drain, Str+3 Int+6}
 13293 | Lair:1   | Reached skill level 11 in Shapeshifting
 13308 | Lair:1   | Reached ***** piety under Trog
 14068 | Lair:1   | Reached skill level 12 in Shapeshifting
 14197 | Lair:1   | Found a shadowy altar of Dithmenos.
 14441 | Lair:2   | Reached XP level 12. HP: 65/99 MP: 12/12
 15122 | Lair:3   | Noticed Rupert
 15202 | Lair:3   | Identified the ring of Ru's Wrath {Ice SInv}
 15307 | Lair:3   | Killed Rupert
 15308 | Lair:3   | Reached skill level 13 in Shapeshifting
 15542 | Lair:3   | Found a staircase to the Swamp.
 15556 | Lair:3   | Found a staircase to the Snake Pit.
 15994 | Lair:4   | Noticed a boulder beetle
 15997 | Lair:4   | Noticed a six-headed hydra
 16045 | Lair:4   | Noticed a five-headed hydra
 16053 | Lair:3   | Reached skill level 14 in Shapeshifting
 16116 | Lair:4   | Killed a five-headed hydra
 16271 | Lair:4   | Killed a boulder beetle
 16330 | Lair:4   | Killed a six-headed hydra
 16331 | Lair:4   | Gained mutation: You frequently emit foul miasma when
                  | damaged in melee. [demonic ancestry]
 16331 | Lair:4   | Reached XP level 13. HP: 109/109 MP: 13/13
 17042 | Lair:4   | Reached skill level 15 in Shapeshifting
 17042 | Lair:4   | Gained mutation: Your magical and physical power is
                  | slightly enhanced at high health. [demonic ancestry]
 17042 | Lair:4   | Reached XP level 14. HP: 116/116 MP: 14/14
 17081 | Lair:5   | Entered Level 5 of the Lair of Beasts
 17157 | Lair:5   | Reached skill level 16 in Shapeshifting
 17160 | Lair:5   | Received a gift from Trog
 17221 | Lair:5   | Found a staircase to the Slime Pits.
 17221 | Lair:5   | Found a viscous altar of Jiyva.
 18502 | Lair:5   | Reached skill level 1 in Shields
 19050 | D:11     | Reached skill level 10 in Unarmed Combat
 19054 | D:11     | Reached XP level 15. HP: 125/125 MP: 15/15
 19066 | D:11     | Identified the +3 scimitar of Tortfeasance {flame, rF++
                  | Str-3} (Trog gifted it to you on level 11 of the Dungeon)
 19066 | D:11     | Received a gift from Trog
 19451 | D:11     | Identified the +5 ring mail of the Sun {rC+++ Str-3 Int-3
                  | Dex+5}
 19841 | D:12     | Found a staircase to the Orcish Mines.
 20417 | D:13     | Noticed Urug
 20427 | D:13     | Killed Urug
 20837 | D:13     | Upgraded the game from 0.31-a0-667-g39726597b9 to
                  | 0.31-a0-675-g238779eb0a
 20856 | D:14     | Reached skill level 5 in Shields
 20864 | D:14     | Noticed Josephine
 20869 | D:14     | Killed Josephine
 20946 | D:14     | Found Xokub's Weapon Shoppe.
 20986 | D:14     | Noticed Snorg
 20999 | D:14     | Killed Snorg
 21116 | D:14     | Noticed Roxanne
 21213 | D:14     | Found Voucyfy's Assorted Antiques.
 21638 | D:14     | Found a gate to the Vaults.
 21962 | D:15     | Entered Level 15 of the Dungeon
 22356 | D:15     | Found a staircase to the Depths.
 22699 | D:15     | Identified the +11 great sword of Exquisite Torment {heavy,
                  | +Blink rPois rC+ Will-} (Trog gifted it to you on level 15
                  | of the Dungeon)
 22699 | D:15     | Received a gift from Trog
 22823 | Depths:1 | Entered Level 1 of the Depths
 23000 | D:15     | Gained mutation: You have very sharp fingernails. [demonic
                  | ancestry]
 23000 | D:15     | Reached XP level 16. HP: 55/134 MP: 16/16
 23176 | D:15     | Reached skill level 15 in Fighting
 24025 | Depths:1 | Found a one-way gate to the infinite horrors of the Abyss.
 24033 | Depths:1 | Found a hazy altar of Hepliaklqana.
 24040 | Depths:1 | Reached skill level 10 in Shields
 24327 | Depths:1 | Found Viroora's Antique Weapon Shoppe.
 24490 | Depths:1 | Found a gateway to Hell.
 24490 | Depths:1 | Noticed a hellephant
 24490 | Depths:1 | Noticed a hellephant
 24511 | Depths:1 | Killed a hellephant
 24686 | Depths:1 | Found a hide-covered altar of Uskayaw.
 24758 | Depths:1 | Killed a hellephant
 24935 | Orc:1    | Entered Level 1 of the Orcish Mines
 24935 | Orc:1    | Found Woralo's General Store.
 24935 | Orc:1    | Found Tuosim's Book Emporium.
 25077 | Orc:1    | Paralysed by an orc sorcerer for 3 turns
 25106 | Orc:1    | Found Nocau's Vocational Training.
 25114 | Orc:1    | Bought a manual of Evocations for 1120 gold pieces
 25220 | Orc:1    | Found Diuner's General Store.
 25225 | Orc:1    | Bought a potion of heal wounds for 85 gold pieces
 25298 | Orc:2    | Entered Level 2 of the Orcish Mines
 25343 | Orc:2    | Found Wyloekl Ocho's Antique Armour Shop.
 25400 | Orc:2    | Found a staircase to the Elven Halls.
 25429 | Orc:2    | Found a dark tunnel.
 25438 | Volcano  | Entered a volcano
 25514 | Volcano  | Noticed an orb of fire
 25524 | Volcano  | Found the +2 Maxwell's thermic engine {flame, freeze, rev}
 25544 | Volcano  | Noticed an orb of fire
 25995 | Orc:2    | Found Axtor's Weapon Boutique.
 26008 | Orc:2    | Reached ****** piety under Trog
 26019 | Orc:2    | Noticed Azrael
 26030 | Orc:2    | Killed Azrael
 26426 | Orc:2    | Found Fieram's Armour Boutique.
 26431 | Orc:2    | Found Amesoemo's Antique Armour Emporium.
 26439 | Orc:2    | Bought a distressingly furry scarf for 330 gold pieces
 26439 | Orc:2    | Identified the scarf of Repulsion {harm, Str+3} (You bought
                  | it in a shop on level 2 of the Orcish Mines)
 26440 | Orc:2    | Found Jygirol's General Store.
 26448 | Orc:2    | Bought a potion of might for 56 gold pieces
 26579 | Elf:1    | Entered Level 1 of the Elven Halls
 26719 | Elf:1    | Gained mutation: You have a pair of large antennae on your
                  | head. (SInv) [demonic ancestry]
 26719 | Elf:1    | Reached XP level 17. HP: 142/142 MP: 17/17
 26963 | Elf:1    | Received a gift from Trog
 27082 | Elf:1    | Identified the staff of Frustration {rElec rF+ Str+3 Air}
 27424 | Elf:2    | Paralysed by an air elemental for 1 turns
 27427 | Elf:2    | Paralysed by an air elemental for 1 turns
 27431 | Elf:2    | Paralysed by an air elemental for 1 turns
 27511 | Elf:2    | Found Haemo's Assorted Antiques.
 27709 | Elf:2    | Killed Norris
 27862 | Elf:2    | Received a gift from Trog
 27879 | Elf:2    | Found a huge runed translucent gate.
 27879 | Elf:2    | Found a huge runed translucent gate.
 27879 | Elf:2    | Found a huge runed translucent gate.
 27880 | Elf:2    | Found a huge runed translucent gate.
 27882 | Elf:2    | Found a huge runed translucent gate.
 28319 | Elf:3    | Entered Level 3 of the Elven Halls
 28536 | Elf:3    | Noticed a deep elf master archer
 28542 | Elf:3    | Killed a deep elf master archer
 28551 | Abyss:2  | Cast into level 2 of the Abyss (a deep elf demonologist)
 28839 | Abyss:3  | Noticed a profane servitor
 28864 | Abyss:3  | Killed a profane servitor
 28867 | Elf:3    | Escaped the Abyss
 28905 | Elf:3    | Noticed a deep elf blademaster
 28909 | Elf:3    | HP: 4/184 [deep elf blademaster/+0 quick blade (11)]
 28909 | Elf:3    | Slain by a deep elf blademaster

Illustrated notes

Levels and vault maps discovered:
D:1:      eino_arrival_water_cross, layout_loops_ring
D:2:      layout_basic, serial_shops, shop_fountains, basic_altar, uniq_sigmund
D:3:      minmay_recursive_quarters, layout_loops_cross, minmay_starry_boxes
D:4:      layout_loops_cross
D:5:      layout_layer_cave, serial_shops, kennysheep_little_box, minivault_19,
          minmay_misc_feat_four_crosses
D:6:      layout_loops_corners, led_sif_pool, minmay_temple_entry_crystal_x,
          gup_sewer_entry_glass
D:7:      layout_loops_ring
D:8:      layout_cave_pools, gammafunk_temple_of_torment, serial_ice,
          serial_ice_i, serial_ice_b, serial_ice_e, serial_ice_c,
          gammafunk_ghost_icy, abandoned_shop
D:9:      layout_small_grid, ebering_ghost_xom, grunt_ministairs_7,
          minmay_shattered_shrine, uniq_grum
D:10:     layout_roguey, minitemple, erik_lair_dragon, serial_shops, shop
D:11:     layout_loops_ring, serial_demonic, serial_demonic_e, serial_demonic_c,
          serial_demonic_g, serial_demonic_d, abandoned_shop
D:12:     cheibrodos_magma_flow, layout_cave_pools, orc_0_dummy,
          serial_column_ruins, column_ruins_grid_2, column_ruins_grid_1,
          column_ruins_grid_1
D:13:     layout_basic, kennysheep_generic_room_16, uniq_urug
D:14:     layout_loops_corners, grunt_vaults_entry_tiered,
          nicolae_concentric_dashed_squares_wild, serial_shops,
          nicolae_shop_trees, shop, uniq_roxanne, uniq_snorg, uniq_josephine
D:15:     hellmonk_depths_entry_around_the_bend, layout_loops_cross,
          nicolae_lava_and_water, dk_noncrumbling_2
Lair:1:   layout_regular_city, basic_altar
Lair:2:   layout_chaotic_city, st_stairs_7
Lair:3:   layout_chaotic_city, swamp_mist_pool, dummy_snake_entry, uniq_rupert
Lair:4:   layout_misc_corridors
Lair:5:   minmay_lair_end_enchanted_forest, layout_gridlike, slime_entry_1,
          lemuel_fruit_tree
Orc:1:    layout_caves, basic_altar, serial_shops, shop_fountains,
          nicolae_shop_tiny_statue_garden, shop, nicolae_shop_vocational
Orc:2:    st_orc_elflike, layout_caves, serial_shops,
          nicolae_shop_window_shopping, nicolae_volcano_entry_two_sided,
          uniq_azrael
Elf:1:    nicolae_elf_arrival_fired_up, layout_geoelf_grid,
          kennysheep_underground_church, serial_sigils_hangedman_shear
Elf:2:    elven_hall_of_blades_hangedman_alternative
          [nicolae_blade_entry_hurt_lockers], layout_gridlike,
          lemuel_flamethrower_hall, minmay_shop_star, uniq_norris
Elf:3:    grunt_elf_hall_branching, layout_gridlike, serial_shops, shop,
          minivault_11, hangedman_elf_power_crystal, st_stairs_13
Depths:1: layout_cave_pools, nicolae_hepliaklqana_hazy_memory, grunt_hell_horde,
          serial_shops, nicolae_shop_gibbet_a_chance, abyss_entry,
          nicolae_uskayaw_suspiria

Skill      XL: |  1  2  3  4  5  6  7  8  9 10 11 12 13 14 15 16 17 |
---------------+----------------------------------------------------+-----
Long Blades    | 3 4 |  4.4
Dodging        | 3 4 5 6 7 8 |  8.2
Fighting       | 4 5 6 7 9 10 12 13 14 15 | 15.0
Unarmed Combat | 1 3 4 5 6 10 12 13 14 | 14.6
Shapeshifting  | 4 6 9 12 14 15 16 | 16.0
Shields        | 3 8 12 14 | 14.7

Action                     |  1- 3 |  4- 6 |  7- 9 | 10-12 | 13-15 | 16-18 || total
---------------------------+-------+-------+-------+-------+-------+-------++-------
  Melee: Falchion          |    67 |       |       |       |       |       ||    67
         Kick              |    16 |    55 |   173 |   215 |   275 |   200 ||   934
         Unarmed           |       |   162 |   443 |   505 |   690 |   574 ||  2374
 Invoke: Berserk           |     1 |     1 |     2 |     5 |     3 |     5 ||    17
         Trog's Hand       |       |       |       |     3 |     4 |     3 ||    10
         Brothers in Arms  |       |       |       |     3 |       |       ||     3
  Evoke: Wand              |       |       |     1 |     6 |       |       ||     7
    Use: Scroll            |     2 |     3 |     8 |     8 |     9 |    10 ||    40
         Potion            |     1 |       |       |     1 |     1 |     5 ||     8
   Stab: Paralysed         |       |       |       |    11 |       |       ||    11
         Distracted        |       |       |       |       |     1 |       ||     1
         Sleeping          |       |       |       |       |       |     1 ||     1
 Armour: Robe              |    22 |     8 |       |       |       |       ||    30
         Leather armour    |       |    21 |       |       |       |       ||    21
         Ring mail         |       |    56 |   264 |   228 |       |       ||   548
         Skin              |       |       |       |   161 |   675 |   572 ||  1408
  Dodge: Dodged            |    41 |   110 |   293 |   469 |   791 |   428 ||  2132
  Block: Other             |       |       |       |    18 |       |       ||    18
         Orb               |       |       |       |    58 |    94 |       ||   152
         Buckler           |       |       |       |       |   383 |    24 ||   407
         Reflection        |       |       |       |       |    21 |    63 ||    84
         Kite shield       |       |       |       |       |       |   691 ||   691
   Form: Flux              |       |       |     1 |       |       |       ||     1
         Statue            |       |       |       |     1 |       |       ||     1

Table legend: (Time is in decaauts)
 A = Elapsed time spent in this place.
 B = Non-inter-level travel time spent in this place.
 C = Inter-level travel time spent in this place.
 D = Time resting spent in this place.
 E = Time spent auto-exploring this place.
 F = Levels seen in this place.
 G = Mean time per level.
                   A        B        C        D        E       F      G
               +--------+--------+--------+--------+--------+-----+--------+
         Total |  36119 |  34530 |   1589 |   2722 |  25292 |  30 | 1204.0 |
       Dungeon |  19444 |  18565 |    879 |   1976 |  13455 |  15 | 1296.3 |
          Lair |   8225 |   7748 |    477 |    582 |   5788 |   5 | 1645.0 |
  Orcish Mines |   2142 |   2096 |     46 |     75 |   1568 |   2 | 1071.0 |
   Elven Halls |   2929 |   2808 |    121 |      0 |   2174 |   3 |  976.3 |
        Depths |   1721 |   1657 |     64 |      0 |   1399 |   1 | 1721.0 |
         Abyss |    434 |    434 |      0 |      0 |    157 |   2 |  217.0 |
         Sewer |    836 |    836 |      0 |     88 |    520 |   1 |  836.0 |
       Volcano |    384 |    384 |      0 |      0 |    228 |   1 |  384.0 |
               +--------+--------+--------+--------+--------+-----+--------+

Top non-repeatable levels by time:
    D:15: 2629 daAuts
  Lair:5: 2360 daAuts
     D:8: 1790 daAuts
Depths:1: 1721 daAuts
  Lair:3: 1694 daAuts
  Lair:1: 1658 daAuts
    D:14: 1653 daAuts
     D:9: 1621 daAuts
   Orc:2: 1604 daAuts
     D:5: 1408 daAuts
    D:10: 1396 daAuts
   Elf:2: 1379 daAuts
  Lair:4: 1336 daAuts
     D:6: 1268 daAuts
    D:11: 1242 daAuts
